 Dungeon Crawl Stone Soup version 0.30-a0-330-g8f2769a82d (webtiles) character file.

Game seed: 6421656802863328715

2279 Kirkhe the Cleaver (level 9, -5/70 HPs)
             Began as a Demonspawn Gladiator on Oct 28, 2022.
             Slain by a two-headed ogre
             ... wielding a +0 giant club
              (14 damage)
             ... on level 7 of the Dungeon.
             The game lasted 00:08:21 (5889 turns).

Kirkhe the Cleaver (Demonspawn Gladiator)           Turns: 5889, Time: 00:08:21

Health: -5/70      AC:  8    Str: 19    XL:     9   Next: 16%
Magic:  9/9        EV: 13    Int:  9    God:
Gold:   224        SH:  0    Dex: 15    Spells: 8/8 levels left

rFire   . . .      SeeInvis .    a - +1 war axe
rCold   . . .      Faith    .    (no shield)
rNeg    + . .      Spirit   .    i - +0 ring mail
rPois   +          Reflect  .    (helmet unavailable)
rElec   .          Harm     .    (no cloak)
rCorr   .          Rampage  .    r - +0 pair of gloves
Will    .....                    (no boots)
Stlth   +.........               (no amulet)
HPRegen 0.31/turn                g - ring of poison resistance
MPRegen 0.11/turn                A - ring of positive energy

@: about to teleport
A: horns 3, rugged brown scales 1
a: no special abilities


You were on level 7 of the Dungeon.
You visited 1 branch of the dungeon, and saw 7 of its levels.

You collected 289 gold pieces.
You spent 65 gold pieces at shops.

Inventory:

Hand Weapons
 a - a +1 war axe (weapon)
 k - a +2 dagger of speed
Missiles
 d - 3 throwing nets (quivered)
 e - a javelin
 h - 4 poisoned darts
Armour
 i - a +0 ring mail (worn)
 m - the +1 leather armour "Donlegh" {rElec rC+ Str-5}
   (You took it off a kobold on level 2 of the Dungeon)

   Str:       It affects your strength (-5).
   rC:        It protects you from cold.
   rElec:     It insulates you from electricity.
 r - a +0 pair of gloves (worn)
 C - the +2 leather armour of Happy Babbling {rPois rF+++ MP+9 Dex-5}
   (You found it on level 7 of the Dungeon)

   Dex:       It affects your dexterity (-5).
   rF:        It renders you almost immune to fire.
   rPois:     It protects you from poison.
   MP:        It affects your magic capacity (+9).
 D - a +2 kite shield
Jewellery
 g - a ring of poison resistance (left hand)
 A - a ring of positive energy (right hand)
Wands
 b - a wand of charming (4)
 c - a wand of mindburst (9)
 j - a wand of polymorph (14)
Scrolls
 s - 2 scrolls of teleportation
 t - 2 scrolls of identify
 v - a scroll of poison
 x - a scroll of magic mapping
 y - a scroll of butterflies
Potions
 f - 3 potions of magic
 l - a potion of ambrosia
 n - 2 potions of haste
 o - a potion of curing {unknown}
 p - 3 potions of heal wounds
 q - a potion of berserk rage
 u - a potion of brilliance
 w - a potion of attraction
 z - a potion of flight
 B - a potion of mutation {unknown}


   Skills:
 + Level 5.1 Fighting
 + Level 8.4 Axes
 + Level 2.0 Throwing
 + Level 5.0 Armour
 + Level 4.6 Dodging
 + Level 1.0 Evocations


You had 8 spell levels left.
You didn't know any spells.
Your spell library contained the following spells:

 Spells                   Type           Power      Damage    Failure   Level
 Necrotise                Necr           0%         1d4       56%         1
 Static Discharge         Conj/Air       0%         2-2/arc   71%         2
 Sublimation of Blood     Necr           0%         N/A       71%         2
 Vampiric Draining        Necr           0%         2d6       90%         3
 Vhi's Electric Charge    Tloc/Air       0%         N/A       90%         3
 Petrify                  Tmut/Erth      0%         N/A       100%        4
 Agony                    Necr           0%         N/A       100%        5
 Arcjolt                  Conj/Air       0%         1d10      100%        5
 Irradiate                Conj/Tmut      0%         3d11      100%        5
 Lightning Bolt           Conj/Air       0%         1d11      100%        5


Dungeon Overview and Level Annotations

Branches:
Dungeon (7/15)
 Temple: D:4-7

Altars:
Ashenzari
Dithmenos
Makhleb
Uskayaw

Shops:
D:2 *=(

Annotations:
D:7 3 runed translucent doors, Shavain's ghost, novice DsGl


Innate Abilities, Weirdness & Mutations

You have a pair of large horns on your head.
You are partially covered in rugged brown scales. (AC +1, +3% HP)


Message History

The kobold brigand is moderately wounded.
You slash the orc warrior! The kobold brigand barely misses you.
The orc warrior hits you with a +0 dire flail!
Unknown command.
You barely miss the kobold brigand. You headbutt the kobold brigand!
The kobold brigand is heavily wounded.
You barely miss the orc warrior. The kobold brigand barely misses you.
A two-headed ogre comes into view. It is wielding two +0 giant clubs.
The orc warrior hits you with a +0 dire flail.
You closely miss the kobold brigand.
The two-headed ogre shouts in stereo!
You headbutt the kobold brigand!
You kill the kobold brigand!
You hit the orc warrior but do no damage.
The orc warrior barely misses you.
Your Armour skill increases to level 5!
You hit the orc warrior.
The orc warrior is heavily wounded.
The orc warrior hits you with a +0 dire flail.
Unknown command.
You hit the orc warrior but do no damage.
You headbutt the orc warrior!
The orc warrior is severely wounded.
You closely miss the two-headed ogre.
The orc warrior hits you with a +0 dire flail.
The two-headed ogre barely misses you. x2; The orc warrior closely misses you.
Unknown command.
Unknown command.
Okay, then.
As you read the scroll of teleportation, it crumbles to dust.
You feel strangely unstable.
The two-headed ogre hits you with a +0 giant club!! x2
* * * LOW HITPOINT WARNING * * *
The orc warrior closely misses you.
Unknown command.
You feel much better.
The two-headed ogre hits you with a +0 giant club!!
* * * LOW HITPOINT WARNING * * *
The two-headed ogre hits you with a +0 giant club!
You die...

#...##....#
#.
######....#
#. #....#
## #.####
#.#(?##
#.#.#.# ##
#.#...#..#
#.#.#...#
##..
#...@O#
..##
###.#o..#
#...
#...#..#
#.## #.#.#
## #...
#)?## #...
###
########...
#......#...
#......#.##
#......#.##


You could see a two-headed ogre and an orc warrior.

Vanquished Creatures
  Pikel (D:6)
  Sigmund (D:2)
  A sky beast (D:7)
  An ice beast (D:5)
  A black bear (D:6)
  An orc warrior (D:7)
  2 phantoms
  A kobold brigand (D:7)
  4 scorpions
  A howler monkey (D:6)
  3 hounds
  2 jellies (D:5)
  5 orc priests
  Jessica (D:2)
  4 iguanas
  Ijyb (D:5)
  Natasha (thrice) (D:2)
  2 orc wizards
  4 gnolls (D:3)
  5 adders
  A white imp (D:7)
  2 ufetubi
  2 dart slugs
  5 worms
  16 orcs
  5 bats
  8 endoplasms
  5 giant cockroaches
  5 goblins
  8 hobgoblins
  3 quokkas
  4 ball pythons
  A frilled lizard (D:3)
  9 kobolds
  5 rats
123 creatures vanquished.

Vanquished Creatures (others)
  A plant (D:5)
1 creature vanquished.

Grand Total: 124 creatures vanquished

Notes
Turn   | Place    | Note
-------+----------+-------------------------------------------
     0 | D:1      | Kirkhe the Demonspawn Gladiator began the quest for the
                  | Orb.
     0 | D:1      | Reached XP level 1. HP: 16/16 MP: 1/1
   161 | D:1      | Found a faded altar of an unknown god.
   217 | D:1      | Gained mutation: You have a pair of small horns on your
                  | head. [demonic ancestry]
   217 | D:1      | Reached XP level 2. HP: 8/22 MP: 2/2
   439 | D:1      | Reached skill level 3 in Axes
   934 | D:2      | Noticed Sigmund
  1011 | D:2      | Noticed Natasha
  1013 | D:2      | Noticed a crimson imp
  1017 | D:2      | Killed Natasha
  1018 | D:2      | Reached XP level 3. HP: 19/27 MP: 3/3
  1035 | D:2      | Noticed Natasha
  1040 | D:2      | Killed Natasha
  1041 | D:2      | Reached XP level 4. HP: 13/33 MP: 4/4
  1118 | D:2      | Reached skill level 4 in Axes
  1118 | D:2      | Reached skill level 1 in Armour
  1288 | D:2      | Found Pudgheme's General Store.
  1401 | D:2      | Found Atirresee's Jewellery Emporium.
  1427 | D:2      | Found Itueheum's Weapon Shoppe.
  1471 | D:2      | Noticed Natasha
  1473 | D:2      | Killed Natasha
  1474 | D:2      | Reached XP level 5. HP: 39/39 MP: 5/5
  1529 | D:2      | Noticed Jessica
  1533 | D:2      | Killed Jessica
  1552 | D:2      | Identified the +1 leather armour "Donlegh" {rElec rC+
                  | Str-5}
  1637 | D:2      | Killed Sigmund
  1638 | D:2      | Reached skill level 5 in Axes
  1638 | D:2      | Gained mutation: You have a pair of horns on your head.
                  | [demonic ancestry]
  1638 | D:2      | Reached XP level 6. HP: 45/46 MP: 6/6
  2568 | D:4      | Found a hide-covered altar of Uskayaw.
  2814 | D:4      | Found a broken altar of Ashenzari.
  2920 | D:4      | Gained mutation: You are partially covered in rugged brown
                  | scales. (AC +1, +3% HP) [demonic ancestry]
  2920 | D:4      | Reached XP level 7. HP: 47/53 MP: 7/7
  2949 | D:4      | Found a burning altar of Makhleb.
  2949 | D:4      | Noticed a cacodemon
  3170 | D:2      | Bought a potion of heal wounds for 65 gold pieces
  3234 | D:5      | Entered Level 5 of the Dungeon
  3333 | D:5      | Reached skill level 6 in Axes
  3432 | D:5      | Noticed Ijyb
  3455 | D:5      | Killed Ijyb
  4114 | D:5      | Gained mutation: You have a pair of large horns on your
                  | head. [demonic ancestry]
  4114 | D:5      | Reached XP level 8. HP: 60/61 MP: 8/8
  4381 | D:6      | Reached skill level 7 in Axes
  4707 | D:6      | Found a shadowy altar of Dithmenos.
  4905 | D:6      | Noticed Pikel
  4923 | D:6      | Killed Pikel
  4924 | D:6      | Reached skill level 8 in Axes
  4929 | D:6      | Reached XP level 9. HP: 34/69 MP: 9/9
  5578 | D:7      | Identified the +2 leather armour of Happy Babbling {rPois
                  | rF+++ MP+9 Dex-5}
  5643 | D:7      | Reached skill level 5 in Fighting
  5708 | D:7      | Found a runed translucent gate.
  5708 | D:7      | Found a runed translucent gate.
  5708 | D:7      | Found a runed translucent gate.
  5709 | D:7      | Noticed Shavain's ghost (novice DsGl)
  5709 | D:7      | Noticed a spectral unseen horror
  5751 | D:7      | Reached skill level 1 in Evocations
  5884 | D:7      | Noticed a two-headed ogre
  5886 | D:7      | Reached skill level 5 in Armour
  5889 | D:7      | Slain by a two-headed ogre

Illustrated notes

Levels and vault maps discovered:
D:1:      dpeg_arrival_stonehenge_8_columns, layout_loops_ring,
          shapermc_ecumenical_altar_ellora
D:2:      layout_rooms, serial_shops, nicolae_shop_bloodbath_and_beyond,
          nicolae_square_shop, nicolae_shop_behind_doors, serial_glass,
          glass_columns_b, glass_columns_b, feat_on_display, feat_on_display,
          item_on_display_a, uniq_jessica, uniq_sigmund, uniq_natasha
D:3:      layout_basic, zin_academy
D:4:      layout_rooms, mainiacjoe_overflow_paths, makhleb_altar_promises_db,
          nicolae_uskayaw_dance_hall
D:5:      layout_basic, serial_bayou_lake_a, uniq_ijyb
D:6:      layout_cave_pods, grunt_dithmenos_smoke_and_mirrors, uniq_pikel
D:7:      minmay_spotlight, layout_basic, minmay_temple_entry_tees,
          gammafunk_ghost_necromancy, grunt_tough_drop

Skill      XL: |  1  2  3  4  5  6  7  8  9 |
---------------+----------------------------+-----
Dodging        | 3 4 |  4.6
Axes           | 3 4 5 6 8 |  8.4
Throwing       | 2 |  2.0
Armour         | 1 2 3 4 5 |  5.0
Fighting       | 3 4 5 |  5.1
Evocations     | 1 |  1.0

Action                   |  1- 3 |  4- 6 |  7- 9 || total
-------------------------+-------+-------+-------++-------
Melee: War axe           |    52 |   151 |   202 ||   405
       Headbutt          |     3 |    25 |    41 ||    69
       Punch             |       |     1 |     2 ||     3
Evoke: Wand              |       |       |     5 ||     5
  Use: Scroll            |     3 |     6 |     8 ||    17
       Potion            |     2 |     1 |     1 ||     4
 Stab: Sleeping          |     3 |       |       ||     3
       Distracted        |       |     1 |       ||     1
Armor: Leather armour    |    12 |     2 |       ||    14
       Ring mail         |       |    37 |    84 ||   121
       Skin              |       |    11 |       ||    11
Dodge: Dodged            |    31 |   101 |   123 ||   255

Table legend: (Time is in decaauts)
 A = Elapsed time spent in this place.
 B = Non-inter-level travel time spent in this place.
 C = Inter-level travel time spent in this place.
 D = Time resting spent in this place.
 E = Time spent auto-exploring this place.
 F = Levels seen in this place.
 G = Mean time per level.
                   A        B        C        D        E       F      G
               +--------+--------+--------+--------+--------+-----+--------+
         Total |   6018 |   5599 |    419 |    443 |   4185 |   7 |  859.7 |
       Dungeon |   6018 |   5599 |    419 |    443 |   4185 |   7 |  859.7 |
               +--------+--------+--------+--------+--------+-----+--------+

Top non-repeatable levels by time:
     D:5: 1158 daAuts
     D:6: 1129 daAuts
     D:1: 1075 daAuts
     D:2: 840 daAuts
     D:4: 757 daAuts
     D:3: 633 daAuts
     D:7: 424 daAuts
